AoeStats
← Buho_Metalero

Arena

510243373Analyzed
1v1 RM · 12h ago on Sep 30, 2026· 22m 43s· 2 players
Game mode
Random Map
Map size
Tiny (2 player)
Population
200
Speed
Normal
Resources
Standard
Victory
Conquest
Starting age
Dark Age
Ending age
Imperial Age
RankedLock teamsTeams togetherTeam positionsShared explorationLock speedFull tech treeHidden civsTurbo modeCheats
Victory
Defeat
🇨🇱 Burmese · Chile
1393
+16
🇨🇴 Turks · Colombia
1392
-16
DavidRhenals
11:42 Feudal Age
16:24 Castle Age
14:16 Horse Collar
14:22 Double-Bit Axe
24:09 Imperial Age
Buho_Metalero
10:52 Feudal Age
11:02 Loom
14:26 Castle Age
12:55 Loom
13:03 Gold Mining
15:31 Wheelbarrow
16:28 Sanctity
19:55 Fervor
19:59 Redemption
20:53 Atonement
20:54 Devotion
20:49 Herbal Medicine
Connection lost

Rejoining the realm…

Still unreachable

The connection could not be restored.

Session expired

The server has moved on; the page needs a fresh start.